 Dungeon Crawl Stone Soup version 0.31.0-11-ge490571c62 (webtiles) character file.

Game seed: 16371154486898504312

136 qw the Ducker (level 4, -5/23 HPs)
             Began as a Spriggan Hunter on Feb 4, 2024.
             Slain by an iron imp (8 damage)
             ... summoned by Eustachio
             ... on level 3 of the Dungeon.
             The game lasted 00:00:12 (2100 turns).

qw the Ducker (Spriggan Hunter)                     Turns: 2100, Time: 00:00:12

Health: -5/23      AC:  5    Str:  7    XL:     4   Next: 98%
Magic:  5/5        EV: 25    Int: 10    God:
Gold:   187        SH:  5    Dex: 20    Spells: 3/3 levels left

rFire   . . .        a - +0 shortbow (heavy)
rCold   + . .        (shield currently unavailable)
rNeg    . . .        c - +0 robe
rPois   .            (helmet restricted)
rElec   .            b - +2 cloak
rCorr   .            (gloves unavailable)
SInv    +            (boots unavailable)
Will    .....        m - amulet of reflection
Stlth   ++           g - +5 ring of evasion
HPRegen 0.23/turn    n - ring of protection from cold
MPRegen 0.09/turn

%: reflection
@: very quick
A: very small, no large weapons, unfitting armour, see invisible, speed 3
a: no special abilities


You were on level 3 of the Dungeon.
You visited 1 branch of the dungeon, and saw 4 of its levels.

You collected 187 gold pieces.


Innate Abilities, Weirdness & Mutations

You are very small and have problems with some larger weapons.
You are too small for most types of armour.
You have supernaturally acute eyesight. (SInv)
You cover ground extremely quickly. (Speed+++)


   Skills:
 - Level 2.0 Fighting
 + Level 5.1 Ranged Weapons
 - Level 5.1 Dodging
 - Level 1.5 Stealth


You had 3 spell levels left.
You didn't know any spells.
Your spell library was empty.

Inventory:

Hand Weapons
 a - a +0 heavy shortbow (weapon)
Armour
 b - a +2 cloak (worn)
 c - a +0 robe (worn)
Jewellery
 g - a +5 ring of evasion (left hand)
 m - an amulet of reflection (around neck)
 n - a ring of protection from cold (right hand)
 Y - a ring of positive energy
Potions
 d - a potion of lignification {unknown}
 e - a potion of ambrosia {unknown}
 f - a potion of heal wounds {unknown}
 h - a potion of curing {unknown}
 i - a potion of brilliance {unknown}

Dungeon Overview and Level Annotations

Branches:
Dungeon (4/15)
 Temple: D:4-7

Altars:

Annotations:
D:3 Eustachio


Message History

You shoot an arrow. The arrow misses Eustachio.
Eustachio mumbles some strange words.
You shoot an arrow. The arrow hits the bat.
The bat is severely wounded.
The bat closely misses you.
You shoot an arrow. The arrow hits Eustachio.
Eustachio is severely wounded.
You block the bat's attack. Eustachio completely misses you.
Eustachio casts a spell.
You shoot an arrow.
The arrow hits Eustachio but does no damage.
Eustachio is severely wounded.
The bat misses you. x2
Eustachio casts a spell.
Enter note:
Enter note:
Enter note: You shoot an arrow.
The arrow misses Eustachio.
The arrow closely misses the river rat.
The arrow closely misses the white imp.
The bat closely misses you. You block the bat's attack. Eustachio misses you.
The ufetubus closely misses you. The ufetubus barely misses you.
Eustachio hits you with a +0 rapier. The iron imp completely misses you.
You shoot an arrow. The arrow closely misses Eustachio.
The arrow barely misses the river rat.
The arrow closely misses the white imp.
The ufetubus completely misses you. The ufetubus misses you.
Eustachio hits you with a +0 rapier. The ufetubus misses you.
The ufetubus closely misses you. You block the iron imp's attack.
Eustachio hits you with a +0 rapier.
You shoot an arrow. The arrow completely misses Eustachio.
The arrow hits the river rat.
The river rat is moderately wounded.
The iron imp misses you. Eustachio completely misses you.
You block the white imp's attack. The iron imp misses you.
Eustachio gestures wildly while chanting.
You shoot an arrow.
The arrow hits Eustachio but does no damage.
Eustachio is severely wounded.
The white imp gestures at you. The puff of frost misses you.
Eustachio misses you. The iron imp hits you!
You die...

....## #####.####
.#### #........# .#
#........# ##
#........# #
#..[.....# #######
#........# ##....#
#......rb#
......###....r555#
.......##.....r@@#
...(...#...###########
.........###.........#
....##...%...........#
...###..###..........#
..###.......##########
........#####
##.###..# ...# #..###


You could see Eustachio, an iron imp (summoned), 2 river rats, a white imp
(summoned), an ufetubus (summoned), a bat (summoned) and a rat (summoned).

Vanquished Creatures
  Jessica (D:2)
  Robin (D:2)
  2 adders
  A dart slug (D:3)
  2 ribbon worms (D:3)
  An orc (D:3)
  6 ball pythons
  5 bats
  5 endoplasms
  4 giant cockroaches
  15 goblins
  7 hobgoblins
  2 jackals (D:1)
  7 kobolds
  2 quokkas
  A frilled lizard (D:3)
  3 rats
65 creatures vanquished.

Notes
Turn   | Place    | Note
-------+----------+-------------------------------------------
     0 | D:1      | qw the Spriggan Hunter began the quest for the Orb.
     0 | D:1      | Reached XP level 1. HP: 10/10 MP: 2/2
     0 | D:1      | 0 ||| qw: Version: 0.3-a-160-g6735b56
     0 | D:1      | 0 ||| qw: Game counter: 5044
     0 | D:1      | 0 ||| qw: Melee chars always use a shield: true
     0 | D:1      | 0 ||| qw: God list: Okawaru
     0 | D:1      | 0 ||| qw: Allow faded altars: false
     0 | D:1      | 0 ||| qw: Do Orc after clearing Dungeon:15 true
     0 | D:1      | 0 ||| qw: Do second Lair branch before Depths: true
     0 | D:1      | 0 ||| qw: Lair rune preference: random
     0 | D:1      | 0 ||| qw: Goals: Normal
     0 | D:1      | 0 ||| PLANNING D:1-11
    70 | D:1      | Reached skill level 3 in Dodging
   129 | D:1      | Reached XP level 2. HP: 14/14 MP: 3/3
   604 | D:1      | Reached XP level 3. HP: 18/18 MP: 4/4
   694 | D:1      | 694 ||| READING scroll labelled WEGODA POMAW.
   695 | D:1      | 695 ||| READING scroll labelled AMISCH ZEURHOIKK.
   699 | D:1      | 699 ||| DROPPING scroll of butterflies.
   716 | D:2      | Found a faded altar of an unknown god.
   894 | D:2      | Noticed Robin
   901 | D:2      | Killed Robin
   905 | D:2      | 905 ||| FLEEEEING.
   906 | D:2      | 906 ||| FLEEEEING.
   907 | D:2      | 907 ||| FLEEEEING.
   908 | D:2      | 908 ||| FLEEEEING.
   909 | D:2      | 909 ||| FLEEEEING.
   910 | D:2      | 910 ||| FLEEEEING.
   911 | D:2      | 911 ||| STAIRDANCE
   923 | D:1      | 923 ||| UPGRADING to +5 ring of evasion.
   924 | D:1      | 924 ||| READING 2 scrolls labelled MUYMORIAKEE.
   925 | D:1      | 925 ||| READING scroll labelled RALOEG POWK.
  1026 | D:1      | 1026 ||| READING scroll labelled BIRPHO GUAPHUG.
  1127 | D:1      | 1127 ||| DROPPING scroll of immolation.
  1218 | D:2      | Reached XP level 4. HP: 22/22 MP: 5/5
  1309 | D:2      | Noticed Jessica
  1316 | D:2      | Killed Jessica
  1552 | D:2      | 1552 ||| UPGRADING to +1 cloak.
  1557 | D:2      | 1557 ||| UPGRADING to ring of positive energy.
  1558 | D:2      | 1558 ||| READING scroll labelled VUQY FIOCUKH.
  1560 | D:2      | 1560 ||| Stepping ~*~*~tactically~*~*~ (cloud).
  1567 | D:2      | HP: 5/22 [poisoned by you (poison gas)]
  2057 | D:3      | 2057 ||| UPGRADING to amulet of reflection.
  2062 | D:3      | 2062 ||| UPGRADING to ring of protection from cold.
  2064 | D:3      | 2064 ||| READING scroll labelled CEMMUA QAMA.
  2064 | D:3      | 2064 ||| ENCHANTING +1 cloak.
  2065 | D:3      | 2065 ||| READING scroll labelled HIOTAA TUFU.
  2065 | D:3      | 2065 ||| BRANDING +0 shortbow.
  2081 | D:4      | Noticed Eustachio
  2085 | D:4      | 2085 ||| STAIRDANCE
  2098 | D:3      | HP: 2/23 [Eustachio/+0 rapier (6)]
  2100 | D:3      | Slain by an iron imp

Levels and vault maps discovered:
D:1:      pf_arrival_petrified_forest, layout_basic
D:2:      layout_rooms, hellmonk_ecumenical_altar_heavens_door,
          minmay_misc_feat_secret_circle, eino_tiny_chamber, minmay_liquid_box,
          uniq_robin, uniq_jessica
D:3:      layout_rooms
D:4:      layout_gridville, gammafunk_temple_overflow_statue, uniq_eustachio,
          uniq_natasha

Skill      XL: |  1  2  3  4 |
---------------+-------------+-----
Dodging        | 3 4 5 |  5.1
Ranged Weapons | 5 |  5.1
Fighting       | 2 |  2.0
Stealth        | |  1.5

Action                     |  1- 3 |  4- 6 || total
---------------------------+-------+-------++-------
   Fire: Shortbow          |   146 |    71 ||   217
    Use: Scroll            |     5 |     3 ||     8
 Armour: Robe              |    11 |    11 ||    22
  Dodge: Dodged            |    70 |    37 ||   107
  Block: Other             |       |     7 ||     7

Table legend:
 A = Non-vault XP
 B = Vault XP
 C = Vault XP percentage of total XP
 D = Non-vault monster count
 E = Vault monster count
 F = Vault count percentage of total count
                 A         B        C        D         E       F
            +---------+---------+-------+---------+---------+-------
      Total |     122 |      73 |  37.4 |      52 |      13 |  20.0
            +---------+---------+-------+---------+---------+-------
        D:1 |      41 |       0 |   0.0 |      24 |       0 |   0.0
        D:2 |      41 |      73 |  64.0 |      16 |      13 |  44.8
        D:3 |      40 |       0 |   0.0 |      12 |       0 |   0.0
            +---------+---------+-------+---------+---------+-------
